 Dungeon Crawl Stone Soup version 0.25.0-26-g0c896c7088 (webtiles) character file.

Game seed: 12475518212889790984

23 protoss039 the Sneak (level 2, 0/15 HPs)
             Began as a Vampire Enchanter on July 3, 2020.
             Killed from afar by a dart slug (2 damage)
             ... with a slug dart
             ... on level 1 of the Dungeon.
             The game lasted 00:02:41 (1057 turns).

protoss039 the Sneak (Vampire Enchanter)            Turns: 1057, Time: 00:02:42

Health: 0/15       AC:  2    Str:  7    XL:     2   Next: 72%
Magic:  5/5        EV: 12    Int: 17    God:
Gold:   62         SH:  0    Dex: 14    Spells: 4/5 levels left

rFire    . . .     SeeInvis +   a - +1 dagger
rCold    + + .     Gourm    .   (no shield)
rNeg     + + +     Faith    .   b - +0 robe
rPois    ∞         Spirit   .   (no helmet)
rElec    .         Reflect  .   (no cloak)
rCorr    .         Harm     .   (no gloves)
MR       .....                  (no boots)
Stlth    +++++.....             (no amulet)
HPRegen  0.00/turn              (no ring)
MPRegen  0.09/turn              (no ring)

@: bloodless
A: no food, fangs 3, see invisible, unbreathing
a: Revivify


You were on level 1 of the Dungeon.
You were bloodless.

You visited 1 branch of the dungeon, and saw 1 of its levels.

You collected 62 gold pieces.

Inventory:

Hand Weapons
 a - a +1 dagger (weapon)
Armour
 b - a +0 robe (worn)
Jewellery
 e - a cursed amulet of inaccuracy {unknown}
 g - a cursed -4 ring of evasion {unknown}
Scrolls
 f - 2 scrolls of magic mapping
 h - a scroll of immolation {unknown}
 i - a scroll of teleportation {unknown}
 j - a scroll of identify {unknown}
Potions
 c - 2 potions of curing {unknown}
 d - a potion of cancellation {unknown}


   Skills:
 + Level 1.3 Short Blades
 - Level 2.1 Dodging
 + Level 5.1 Stealth
 * Level 2.3 Spellcasting
 + Level 4.9 Hexes


You had 4 spell levels left.
You knew the following spells:

 Your Spells              Type           Power        Failure   Level  Hunger
a - Corona                Hex            ###....      2%          1    N/A

Your spell library contained the following spells:

 Spells                   Type           Power        Failure   Level  Hunger
 Confusing Touch          Hex            ###.....     8%          3    N/A
 Tukima's Dance           Hex            ###.....     8%          3    N/A
 Ensorcelled Hibernation  Hex/Ice        ##....       11%         2    N/A
 Dazzling Flash           Conj/Hex       ##....       21%         3    N/A

Dungeon Overview and Level Annotations

Branches:
Dungeon (1/15)

Altars:


Innate Abilities, Weirdness & Mutations

You do not eat.
You do not regenerate when monsters are visible.
You are frail without blood (-20% HP).
You can heal yourself when you bite living creatures.
You are immune to poison.
You have razor-sharp teeth.
You have supernaturally acute eyesight. (SInv)
You can survive without breathing.


Message History

You kill the dart slug!
The dart slug barely misses you.
Unknown command.
Unknown command.
The dart slug launches a dart at you. The slug dart hits you.
* * * LOW HITPOINT WARNING * * *
Okay, then.
You see here a +0 club.
You start resting.
The dart slug is too close now for your liking.
You start resting.
The dart slug is too close now for your liking.
You hit the dart slug.
The dart slug is moderately wounded.
You hit the dart slug.
The dart slug is severely wounded.
The dart slug launches a dart at you. The slug dart hits you.
You die...

...# #......###+##.....#.# ...#
#......# #.##.#####.# ...#
#......###......)...#
...####............#####.#
[..#.......#.#############
..)#.#######.#.#........,*
...#.#.....#.#.#.#######,* ****
#'##.#.###.#.#.w.......#,# *,,,
#.##.#.# #.#.#.#@#####.#.# *,*,
#.##.#.###.#.#w#.#.....#.#####,*,
#........#.#.......).#........,*,
####.#.#.#.....#.#...#.#.#####**,
........>#######.#####.#...##*,*,
####.#...# #................,*, #
#.....# #.#.#####.###.###,*,
######...# #.#.#.........* *,*,
...(...%.#####.#.#.#....####**,*,


You could see a dart slug.

Vanquished Creatures
  2 dart slugs (D:1)
  A leopard gecko (D:1)
  4 hobgoblins (D:1)
  A kobold (D:1)
  2 bats (D:1)
  A frilled lizard (D:1)
  4 goblins (D:1)
  2 rats (D:1)
17 creatures vanquished.

Notes
Turn   | Place    | Note
-------+----------+-------------------------------------------
     0 | D:1      | protoss039 the Vampire Enchanter began the quest for the
                  | Orb.
     0 | D:1      | Reached XP level 1. HP: 13/13 MP: 3/3
   672 | D:1      | Reached XP level 2. HP: 15/15 MP: 5/5
   948 | D:1      | Reached skill level 5 in Stealth
  1057 | D:1      | Killed from afar by a dart slug

Illustrated notes

Levels and vault maps discovered:
D:1:      dpeg_arrival_round_c, layout_basic, corner_web_ring

Skill      XL: |  1  2 |
---------------+-------+-----
Stealth        | 5 |  5.1
Short Blades   | |  1.3
Dodging        | |  2.1
Spellcasting   | |  2.3
Hexes          | |  4.9

Action                   || total
-------------------------++-------
Melee: Dagger            ||    58
       Bite              ||     7
 Cast: Corona            ||     2
 Abil: Exsanguinate      ||     1
  Use: Scroll            ||     1
 Stab: Sleeping          ||     7
Armor: Robe              ||     6
Dodge: Dodged            ||    40
